 Dungeon Crawl Stone Soup version 0.26-a0-1060-g086102a3f0 (webtiles) character file.

Game seed: 15776816158889733438

53 Dracia the Chiller (level 3, -9/24 HPs)
             Began as a Merfolk Ice Elementalist on Dec 13, 2020.
             Killed by divine providence
             ... invoked by an orc priest
              (15 damage)
             ... on level 1 of the Dungeon.
             The game lasted 00:02:09 (1659 turns).

Dracia the Chiller (Merfolk Ice Elementalist)       Turns: 1659, Time: 00:02:09

Health: -9/24      AC:  6    Str:  9    XL:     3   Next: 89%
Magic:  5/6        EV:  9    Int: 14    God:
Gold:   43         SH:  0    Dex: 14    Spells: 2/6 levels left

rFire    . . .     SeeInvis .   l - +1 quarterstaff (spect)
rCold    . . .     Faith    .   (shield currently unavailable)
rNeg     . . .     Spirit   .   b - +0 scale mail (curse)
rPois    .         Reflect  .   (no helmet)
rElec    .         Harm     .   (no cloak)
rCorr    .         Rampage  .   (no gloves)
Will     .....                  (no boots)
Stlth    +.........             (no amulet)
HPRegen  0.08/turn              (no ring)
MPRegen  0.10/turn              (no ring)

@: no status effects
A: change form in water, swift swim, stealthy swim
a: no special abilities


You were on level 1 of the Dungeon.
You visited 1 branch of the dungeon, and saw 2 of its levels.

You collected 43 gold pieces.


   Skills:
 - Level 2.6 Dodging
 - Level 2.1 Stealth
 - Level 2.3 Spellcasting
 + Level 5.7 Ice Magic
 + Level 0.0 Evocations


You had 2 spell levels left.
You knew the following spells:

 Your Spells              Type           Power        Failure   Level
r - Frozen Ramparts       Ice            ###...       50%         3
z - Freeze                Ice            ###.         19%         1

Your spell library contained the following spells:

 Spells                   Type           Power        Failure   Level
 Ozocubu's Armour         Ice            ###.....     50%         3
 Hailstorm                Conj/Ice       #.......     99%         4
 Summon Ice Beast         Ice/Summ       #.......     99%         4

Inventory:

Hand Weapons
 c - a +0 dagger
 l - a +1 spectral quarterstaff (weapon)
Missiles
 i - 11 poisoned darts
Armour
 a - a +0 robe
 b - a cursed +0 scale mail (worn)
Scrolls
 d - 2 scrolls of identify {unknown}
 e - a scroll of fear {unknown}
 f - a scroll of magic mapping {unknown}
 j - a scroll of enchant armour {unknown}
Potions
 g - a potion of magic {unknown}
 h - a potion of might {unknown}
 k - a potion of attraction {unknown}

Dungeon Overview and Level Annotations

Branches:
Dungeon (2/15)

Altars:

#.#.####.###########
#.#.# #...........#
....# #..########.#
....####..# #.#
#.........########.#
###..............#.#
# ######..######.#.#
# #..# ###.#.# #
#..####.o@#.#
#.....[...o.#
####..####...###
#.....# ##.##
#.###.# #.# #.....#
#.# #..#### #.# #..#
#.# #..# #.#


You could see an orc priest and an orc.


Message History

The orc priest hits you but does no damage.
The orc hits you but does no damage.
Okay, then.
Okay, then.
The orc priest hits you but does no damage.
The orc barely misses you.
You climb upwards.
There is a stone staircase leading down here.
Casting: Freeze (safe; 19% risk of failure)
Confirm with . or Enter, or press ? or * to list all spells.
Aiming: Freeze (safe; 19% risk of failure)
Press: ? - help, Shift-Dir - straight line, f - orc priest
Aim: an orc priest, wielding a +0 club You freeze the orc priest!
The orc priest is heavily wounded.
The orc priest barely misses you. The orc hits you but does no damage.
Your scale mail prevents you from hitting the orc priest.
The orc priest is heavily wounded.
The orc priest hits you with a +0 club. The orc barely misses you.
You barely miss the orc priest.
The orc priest is heavily wounded.
The orc priest mumbles some strange prayers to Beogh against you.
Beogh smites you!
Ouch! That really hurt!
* * * LOW HITPOINT WARNING * * *
The orc barely misses you.
The orc priest invokes the aid of Beogh against you.
Beogh smites you!
Ouch! That really hurt!
You die...

Skill      XL: |  1  2 |
---------------+-------+-----
Ice Magic      | 5 |  5.7
Dodging        | |  2.6
Stealth        | |  2.1
Spellcasting   | |  2.3

Action                   || total
-------------------------++-------
Melee: Dagger            ||    95
       Unarmed           ||     7
       Quarterstaff      ||    13
 Cast: Freeze            ||    21
Armor: Scale mail        ||    65
Dodge: Dodged            ||    60

Levels and vault maps discovered:
D:1:      dpeg_arrival_tiny_d, layout_loops_ring
D:2:      layout_rooms, lemuel_coloured_pillars_altar, serial_bayou_crossing

Notes
Turn   | Place    | Note
-------+----------+-------------------------------------------
     0 | D:1      | Dracia the Merfolk Ice Elementalist began the quest for the
                  | Orb.
     0 | D:1      | Reached XP level 1. HP: 13/13 MP: 3/3
   344 | D:1      | Reached XP level 2. HP: 18/19 MP: 5/5
   497 | D:1      | Reached skill level 5 in Ice Magic
   919 | D:1      | Reached XP level 3. HP: 11/24 MP: 0/6
  1154 | D:1      | Learned a level 3 spell: Frozen Ramparts
  1659 | D:1      | Killed from afar by an orc priest

Vanquished Creatures
  An orc wizard (D:1)
  An ooze (D:1)
  An orc (D:1)
  5 goblins
  3 hobgoblins (D:1)
  3 jackals (D:1)
  A ball python (D:1)
  2 frilled lizards
  6 kobolds (D:1)
  2 rats (D:1)
25 creatures vanquished.

Table legend: (Time is in decaauts)
 A = Elapsed time spent in this place.
 B = Non-inter-level travel time spent in this place.
 C = Inter-level travel time spent in this place.
 D = Time resting spent in this place.
 E = Time spent auto-exploring this place.
 F = Levels seen in this place.
 G = Mean time per level.
                   A        B        C        D        E       F      G
               +--------+--------+--------+--------+--------+-----+--------+
         Total |   1662 |   1579 |     83 |    510 |    809 |   2 |  831.0 |
       Dungeon |   1662 |   1579 |     83 |    510 |    809 |   2 |  831.0 |
               +--------+--------+--------+--------+--------+-----+--------+

Top non-repeatable levels by time:
     D:1: 1600 daAuts
     D:2: 62 daAuts

Table legend:
 A = Non-vault XP
 B = Vault XP
 C = Vault XP percentage of total XP
 D = Non-vault monster count
 E = Vault monster count
 F = Vault count percentage of total count
                 A         B        C        D         E       F
            +---------+---------+-------+---------+---------+-------
      Total |      77 |       0 |   0.0 |      25 |       0 |   0.0
            +---------+---------+-------+---------+---------+-------
        D:1 |      74 |       0 |   0.0 |      23 |       0 |   0.0
        D:2 |       3 |       0 |   0.0 |       2 |       0 |   0.0
            +---------+---------+-------+---------+---------+-------
